AoeStats
← 啊超

Highland

505923850Analyzed
4v4 RM · 19d ago on Sep 11, 2026· 47m 27s· 8 players
Game mode
Random Map
Map size
Large (8 player)
Population
200
Speed
Normal
Resources
Standard
Victory
Conquest
Starting age
Dark Age
Ending age
Imperial Age
RankedLock teamsTeams togetherTeam positionsShared explorationLock speedFull tech treeHidden civsTurbo modeCheats
Victory
Defeat
🇨🇴 Spanish · Colombia
1155
+14
🇨🇴 Ethiopians · Colombia
1127
+15
🇨🇴 Romans · Colombia
1081
+17
🇨🇴 Goths · Colombia
1028
+19
🇦🇷 Bohemians · Argentina
1144
-18
🇦🇷 Vietnamese · Argentina
1105
-16
🇦🇷 Huns · Argentina
1093
-16
🇨🇳 Mongols · China
1077
-15
albaqca
5:25 Loom
10:58 Feudal Age
12:00 Fishing Lines
18:57 Castle Age
19:27 Double-Bit Axe
19:25 Horse Collar
19:39 Gillnets
24:02 Bow Saw
23:54 Heavy Plow
26:34 Fletching
27:06 Padded Archer Armor
29:44 Thumb Ring
29:00 Elite Skirmisher
31:41 Bloodlines
31:31 Husbandry
32:32 Town Watch
36:11 Imperial Age
34:15 Husbandry
35:22 Scale Barding Armor
35:27 Forging
35:56 Ballistics
36:19 Bodkin Arrow
36:40 Leather Archer Armor
37:22 Wheelbarrow
36:17 Cavalier
37:30 Chain Barding Armor
37:45 Iron Casting
37:10 Gold Mining
37:10 Stone Mining
38:14 Caravan
38:48 Bracer
39:18 Ring Archer Armor
43:06 Paladin
44:49 Conscription
45:08 Plate Barding Armor
45:34 Blast Furnace
45:22 Spies/Treason
R0F | [0] | PEDRO
10:27 Feudal Age
15:08 Castle Age
14:58 Double-Bit Axe
14:56 Horse Collar
24:16 Heavy Plow
25:13 Gold Mining
28:14 Bow Saw
31:06 Imperial Age
28:24 Loom
29:47 Forging
29:37 Scale Mail Armor
30:04 Anarchy
32:21 Conscription
31:22 Elite Huskarl
32:48 Squires
32:09 Pikeman
33:59 Iron Casting
33:24 Scale Mail Armor
34:47 Crop Rotation
35:25 Two-Man Saw
36:47 Blast Furnace
36:03 Chain Mail Armor
36:38 Perfusion
45:10 Spies/Treason
Gekko777
6:06 Loom
11:07 Feudal Age
18:15 Castle Age
16:29 Scale Barding Armor
17:42 Stone Mining
17:45 Gold Mining
18:31 Double-Bit Axe
20:45 Bow Saw
22:11 Fervor
23:52 Gold Shaft Mining
24:00 Stone Shaft Mining
25:10 Horse Collar
26:11 Crossbowman
27:23 Fletching
30:51 Bodkin Arrow
30:57 Padded Archer Armor
31:58 Wheelbarrow
32:10 Thumb Ring
33:49 Hand Cart
33:55 Leather Archer Armor
35:15 Caravan
38:10 Imperial Age
38:13 Arbalester
39:50 Forging
39:40 Scale Mail Armor
39:41 Bracer
40:35 Light Cavalry
41:15 Husbandry
45:21 Two-Man Saw
45:16 Town Watch
48:15 Chemistry
47:35 Ballistics
Little Fox
5:00 Loom
11:38 Feudal Age
13:08 Double-Bit Axe
14:55 Wheelbarrow
20:21 Castle Age
20:20 Man-at-Arms
21:17 Long Swordsman
32:49 Imperial Age
31:39 Gold Mining
31:44 Stone Mining
36:31 Elite Centurion
44:43 Hand Cart
46:18 Fletching
47:13 Bodkin Arrow
El Adriel
3:25 Loom
10:50 Feudal Age
12:00 Horse Collar
13:40 Wheelbarrow
16:17 Castle Age
15:51 Gold Mining
15:48 Double-Bit Axe
16:11 Fletching
18:39 Padded Archer Armor
18:30 Fletching
19:46 Gold Shaft Mining
Sigzil
4:37 Loom
11:13 Feudal Age
15:07 Castle Age
13:07 Double-Bit Axe
13:21 Horse Collar
20:28 Bow Saw
21:00 Heavy Plow
21:18 Loom
21:33 Town Watch
22:29 Wheelbarrow
23:03 Fervor
23:56 Hand Cart
28:54 Imperial Age
28:08 Chemistry
27:11 Scale Mail Armor
27:21 Forging
26:56 Pikeman
27:37 Squires
27:23 Arson
29:28 Iron Casting
29:08 Chain Mail Armor
30:21 Halberdier
32:35 Plate Mail Armor
33:39 Houfnice
35:10 Conscription
36:09 Blast Furnace
35:11 Padded Archer Armor
36:16 Siege Engineers
36:32 Ballistics
39:13 Leather Archer Armor
Fretshe
11:35 Feudal Age
12:08 Double-Bit Axe
12:05 Horse Collar
21:39 Castle Age
20:55 Forging
20:46 Scale Mail Armor
22:52 Loom
24:32 Bow Saw
24:24 Heavy Plow
24:19 Gold Mining
24:21 Stone Mining
24:27 Fletching
26:07 Crossbowman
26:46 Bodkin Arrow
26:51 Padded Archer Armor
33:54 Ballistics
36:29 Wheelbarrow
40:08 Imperial Age
38:53 Hand Cart
41:01 Elite Rattan Archer
42:05 Paper Money
啊超
12:02 Feudal Age
16:29 Castle Age
14:42 Double-Bit Axe
24:16 Horse Collar
25:25 Loom
29:38 Ballistics
34:21 Imperial Age
32:52 Fletching
33:44 Gold Mining
34:38 Bow Saw
34:32 Padded Archer Armor
34:44 Forging
35:32 Elite Mangudai
37:13 Husbandry
37:15 Bodkin Arrow
37:27 Scale Barding Armor
38:56 Chemistry
38:33 Elite Steppe Lancer
39:33 Bloodlines
40:22 Iron Casting
41:24 Bracer
Connection lost

Rejoining the realm…

Still unreachable

The connection could not be restored.

Session expired

The server has moved on; the page needs a fresh start.